 Dungeon Crawl Stone Soup version 0.28-a0-794-gafe8c5f9e9 (webtiles) character file.

Game seed: 746009933843862020

914 vurker the Firebug (level 7, -1/56 HPs)
             Began as a Demigod Fire Elementalist on Nov 5, 2021.
             Slain by Duvessa (12 damage)
             ... on level 4 of the Dungeon.
             The game lasted 00:07:59 (5611 turns).

vurker the Firebug (Demigod Fire Elementalist)      Turns: 5611, Time: 00:08:00

Health: -1/56      AC:  3    Str:  9    XL:     7   Next: 52%
Magic:  15/25      EV: 12    Int: 31    God:
Gold:   199        SH:  0    Dex: 14    Spells: 11/14 levels left

rFire   . . .      SeeInvis .   n - +3 short sword (holy)
rCold   . . .      Faith    .   (no shield)
rNeg    . . .      Spirit   .   a - +0 robe
rPois   .          Reflect  .   (no helmet)
rElec   .          Harm     .   (no cloak)
rCorr   .          Rampage  .   e - +0 pair of gloves
Will    .....                   (no boots)
Stlth   +.........              (no amulet)
HPRegen 0.18/turn               i - +6 ring of intelligence
MPRegen 0.19/turn               h - ring of magical power

@: lit by a corona, glowing
A: high mp 1, forlorn
a: no special abilities


You were on level 4 of the Dungeon.
You visited 1 branch of the dungeon, and saw 4 of its levels.

You collected 199 gold pieces.

Inventory:

Hand Weapons
 n - a +3 short sword of holy wrath (weapon)
   (You took it off a kobold on level 2 of the Dungeon)
Armour
 a - a +0 robe (worn)
 e - a +0 pair of gloves (worn)
   (You found it on level 1 of the Dungeon)
Jewellery
 f - a ring of fire
   (You found it on level 4 of the Dungeon)
 h - a ring of magical power (right hand)
   (You found it on level 4 of the Dungeon)
 i - a +6 ring of intelligence (left hand)
   (You found it on level 2 of the Dungeon)
 p - a +4 ring of protection
   (You found it on level 3 of the Dungeon)
Wands
 t - a wand of flame (13)
   (You found it on level 3 of the Dungeon)
Scrolls
 d - 2 scrolls of enchant weapon
 j - 2 scrolls of teleportation {unknown}
Potions
 b - 2 potions of curing
 c - a potion of mutation {unknown}
 l - a potion of resistance
 m - a potion of magic
 o - a potion of lignification {unknown}


   Skills:
 + Level 2.9 Fighting
 - Level 1.7 Dodging
 - Level 1.7 Stealth
 * Level 4.2 Spellcasting
 * Level 4.3 Conjurations
 * Level 5.1 Fire Magic


You had 11 spell levels left.
You knew the following spells:

 Your Spells              Type           Power      Damage    Failure   Level
a - Foxfire               Conj/Fire      100%       2x1d9     1%          1
b - Scorch                Fire           76%        2d9       1%          2

Your spell library contained the following spells:

 Spells                   Type           Power      Damage    Failure   Level
 Conjure Flame            Conj/Fire      35%        6-21      2%          3
 Inner Flame              Hex/Fire       22%        N/A       6%          3
 Flame Wave               Conj/Fire      35%        3d8       9%          4
 Animate Dead             Necr           3%         N/A       52%         4
 Borgnjor's Vile Clutch   Necr/Erth      3%         N/A       86%         5
 Death Channel            Necr           3%         N/A       100%        6


Dungeon Overview and Level Annotations

Branches:
Dungeon (4/15)
 Temple: D:4-7

Annotations:
D:4 Dowan, Duvessa


Innate Abilities, Weirdness & Mutations

Your attributes grow dramatically as you level up.
You have an increased reservoir of magic. (+10% MP)
You shall have no god before yourself.


Message History

Duvessa and Dowan come into view.
Duvessa is wielding a +1 short sword of flaming.
Dowan is wielding a +0 dagger and carrying a wand of flame (20).
Duvessa shouts!
You conjure some foxfire!
Dowan shouts!
Dowan gestures at you while chanting.
You are outlined in light.
You conjure some foxfire!
The foxfire hits Duvessa but does no damage. x3
Dowan says, "Stay away from my face!"
You conjure some foxfire!
The foxfire hits Duvessa but does no damage.
Flames lash Duvessa.
Duvessa's fire resistance burns away.
The foxfire hits Duvessa.
Duvessa is burned terribly!
The foxfire hits Duvessa but does no damage.
Duvessa misses you.
Dowan zaps a wand.
The puff of flame hits you.
You conjure some foxfire!
Duvessa misses you.
You conjure some foxfire!
The foxfire hits Duvessa but does no damage.
The foxfire hits Duvessa.
Duvessa is burned terribly!
Duvessa misses you.
Dowan zaps a wand.
The puff of flame hits you!
You conjure some foxfire!
The foxfire hits Duvessa but does no damage.
The foxfire hits Duvessa.
Duvessa is burned terribly!
Duvessa hits you with a +1 short sword of flaming!
Duvessa burns you.
* * * LOW HITPOINT WARNING * * *
You conjure some foxfire!
Duvessa is no longer more vulnerable to fire.
The foxfire hits Duvessa. x2
Duvessa hits you with a +1 short sword of flaming.
* * * LOW HITPOINT WARNING * * *
Duvessa burns you.
* * * LOW HITPOINT WARNING * * *
You conjure some foxfire!
Duvessa hits you with a +1 short sword of flaming!
* * * LOW HITPOINT WARNING * * *
Duvessa burns you.
* * * LOW HITPOINT WARNING * * *
Dowan hits you with a +0 dagger.
* * * LOW HITPOINT WARNING * * *
The foxfire hits Duvessa but does no damage.
The foxfire hits Duvessa!
The foxfire hits Duvessa but does no damage.
Flames lash Dowan.
Dowan's fire resistance burns away.
Duvessa hits you with a +1 short sword of flaming!
You die...

....##...#........#
.....##.###....#.##
#....######....#.#
##....##........##
##....'............
###...'..........#.
##....'.###.....##
##....#.# #.....#
#....##@###.....#
..... #§e.........
....##.§e.........
...##........_...
..##...#........
#..##........ #
.... .###..... #
#..## . ..... # ##.
. .....


You could see Duvessa and Dowan (combustible).

Vanquished Creatures
  Grinder (D:3)
  A centaur (D:4)
  A phantom (D:4)
  A wyvern skeleton (D:3)
  A water moccasin skeleton (D:4)
  A gnoll shaman (D:4)
  A bullfrog skeleton (D:4)
  An orc priest (D:4)
  A centaur skeleton (D:4)
  4 iguanas (D:4)
  An orc wizard (D:4)
  3 gnolls (D:4)
  5 adders
  2 ufetubi (D:4)
  3 adder skeletons
  3 worms
  5 dart slugs
  7 orcs
  7 endoplasms
  4 giant cockroaches
  12 goblins
  11 hobgoblins
  2 jackals (D:4)
  A quokka (D:4)
  6 ball pythons
  2 ball python skeletons (D:2)
  7 bats
  6 frilled lizards
  6 kobolds
  A quokka zombie (D:2)
  6 rats
113 creatures vanquished.

Vanquished Creatures (others)
  359 foxfires
  A withered plant (D:2)
360 creatures vanquished.

Grand Total: 473 creatures vanquished

Notes
Turn   | Place    | Note
-------+----------+-------------------------------------------
     0 | D:1      | vurker the Demigod Fire Elementalist began the quest for
                  | the Orb.
     0 | D:1      | Reached XP level 1. HP: 14/14 MP: 5/5
    34 | D:1      | Reached skill level 1 in Conjurations
   462 | D:1      | Reached XP level 2. HP: 7/20 MP: 0/7
  1281 | D:1      | Reached skill level 3 in Fire Magic
  1362 | D:1      | Learned a level 2 spell: Scorch
  1814 | D:1      | Reached XP level 3. HP: 27/27 MP: 6/9
  2360 | D:2      | Reached skill level 1 in Fighting
  3093 | D:2      | Reached XP level 4. HP: 35/35 MP: 3/10
  3314 | D:3      | Noticed Grinder
  3319 | D:3      | Killed Grinder
  3320 | D:3      | Reached skill level 4 in Fire Magic
  3320 | D:3      | Reached XP level 5. HP: 26/41 MP: 2/12
  3983 | D:3      | Reached XP level 6. HP: 48/48 MP: 7/14
  5033 | D:4      | Reached XP level 7. HP: 53/56 MP: 15/15
  5344 | D:4      | Reached skill level 5 in Fire Magic
  5599 | D:4      | Noticed Duvessa
  5599 | D:4      | Noticed Dowan
  5611 | D:4      | Slain by Duvessa

Illustrated notes

Levels and vault maps discovered:
D:1:      co_arrival_random_square_maze, layout_loops_cross,
          chequers_ecumenical_altar_lobes, hex_tiny, minmay_parallelograms,
          chequers_serial_rivers_micro_b, minmay_hexomino_c4
D:2:      layout_loops_ring, serial_undead, serial_undead_a, serial_undead_e,
          serial_undead_c, serial_undead_b
D:3:      layout_loops_ring, hangedman_decor_push, uniq_grinder
D:4:      layout_cave_pools, mainiacjoe_overflow_paths, slow_altar_1,
          nicolae_tso_carved_into_rock, jmf_multi_god_temple, kennysheep_donut,
          minmay_cupped, uniq_duvessa

Skill      XL: |  1  2  3  4  5  6  7 |
---------------+----------------------+-----
Conjurations   | 1 2 3 4 |  4.3
Spellcasting   | 2 3 4 |  4.2
Fire Magic     | 3 4 5 |  5.1
Fighting       | 1 2 |  2.9
Dodging        | |  1.7
Stealth        | |  1.7

Action                   |  1- 3 |  4- 6 |  7- 9 || total
-------------------------+-------+-------+-------++-------
Melee: Unarmed           |    17 |       |       ||    17
       Short sword       |       |     1 |     1 ||     2
 Cast: Foxfire           |    98 |    38 |    80 ||   216
       Scorch            |    22 |    32 |     4 ||    58
  Use: Scroll            |       |     8 |     1 ||     9
       Potion            |       |     1 |       ||     1
Armor: Robe              |    11 |     3 |     1 ||    15
Dodge: Dodged            |    35 |     8 |     9 ||    52

Table legend: (Time is in decaauts)
 A = Elapsed time spent in this place.
 B = Non-inter-level travel time spent in this place.
 C = Inter-level travel time spent in this place.
 D = Time resting spent in this place.
 E = Time spent auto-exploring this place.
 F = Levels seen in this place.
 G = Mean time per level.
                   A        B        C        D        E       F      G
               +--------+--------+--------+--------+--------+-----+--------+
         Total |   5610 |   5548 |     62 |     22 |   4747 |   4 | 1402.5 |
       Dungeon |   5610 |   5548 |     62 |     22 |   4747 |   4 | 1402.5 |
               +--------+--------+--------+--------+--------+-----+--------+

Top non-repeatable levels by time:
     D:1: 2146 daAuts
     D:4: 1342 daAuts
     D:2: 1161 daAuts
     D:3: 959 daAuts
